 Dungeon Crawl Stone Soup version 0.23.2-33-g5129a83 (webtiles) character file.

Game seed: 12553096066315060384

37 Aphrodieselac the Charmwright (level 3, -1/27 HPs)
             Began as a Merfolk Skald on Aug 7, 2019.
             Slain by an orc wizard
             ... wielding a +0 dagger
              (3 damage)
             ... on level 2 of the Dungeon.
             The game lasted 00:07:41 (1766 turns).

Aphrodieselac the Charmwright (Merfolk Skald)       Turns: 1766, Time: 00:07:41

Health: -1/27      AC:  4    Str: 11    XL:     3   Next: 41%
Magic:  3/6        EV: 12    Int: 13    God:
Gold:   98         SH:  0    Dex: 13    Spells: 3/6 levels left

rFire    . . .     SeeInvis .   g - +1 spear (flame)
rCold    . . .     Gourm    .   (no shield)
rNeg     . . .     Faith    .   b - +1 leather armour
rPois    .         Spirit   .   (no helmet)
rElec    .         Reflect  .   (no cloak)
rCorr    .         Harm     .   (no gloves)
MR       .....                  (no boots)
Stlth    +.........             (no amulet)
HPRegen  0.09/turn              (no ring)
MPRegen  0.10/turn              (no ring)

@: infused, very slightly contaminated
A: change form in water, swift swim, stealthy swim
a: no special abilities


You were on level 2 of the Dungeon.
You were not hungry.

You visited 1 branch of the dungeon, and saw 3 of its levels.

You collected 98 gold pieces.

Inventory:

Hand Weapons
 a - a +0 spear
 g - a +1 spear of flaming (weapon)
Armour
 b - a +1 leather armour (worn)
Scrolls
 c - a scroll of enchant armour
 h - 2 scrolls of identify {unknown}
 j - a scroll of teleportation {unknown}
 l - a scroll of blinking {unknown}
 m - a scroll of immolation {unknown}
 n - a scroll of fog {unknown}
Potions
 e - a potion of degeneration {unknown}
 f - a potion of heal wounds {unknown}
 i - 2 potions of berserk rage {unknown}
 k - 2 potions of curing {unknown}
Comestibles
 d - 2 rations


   Skills:
 - Level 2.1 Fighting
 + Level 3.9 Polearms
 - Level 0.6 Armour
 - Level 2.6 Dodging
 - Level 2.0 Spellcasting
 * Level 4.4 Charms


You had 3 spell levels left.
You knew the following spells:

 Your Spells              Type           Power        Failure   Level  Hunger
a - Infusion              Chrm           ##..         5%          1    ##.....
b - Song of Slaying       Chrm           ##......     9%          2    ###....

Your spell library contained the following spells:

 Spells                   Type           Power        Failure   Level  Hunger
 Shroud of Golubria       Chrm/Tloc      #.........   21%         2    ###....
 Regeneration             Chrm/Necr      #.........   38%         3    ####...
 Spectral Weapon          Hex/Chrm       #.......     38%         3    ####...


Dungeon Overview and Level Annotations

Branches:
Dungeon (3/15)

Altars:

Annotations:
D:2 Sigmund


Message History

Casting: Song of Slaying (safe; 9% risk of failure)
Confirm with . or Enter, or press ? or * to list all spells.
You miscast Infusion.
You are very lightly contaminated with residual magic.
Strange energies run through your body.
The orc wizard sings a few bars from the Orcish anthem.
The orc wizard hits you with a +0 dagger.
* * * LOW HITPOINT WARNING * * *
Casting: Infusion (safe; 5% risk of failure)
Confirm with . or Enter, or press ? or * to list all spells.
You begin infusing your attacks with magical energy.
The orc wizard mumbles some strange words.
The orc wizard flickers and vanishes!
Deactivating autopickup; reactivate with Ctrl-A.
You barely miss something. Something hits you.
* * * LOW HITPOINT WARNING * * *
You hit something. You burn something. Something hits you.
* * * LOW HITPOINT WARNING * * *
You miss something. Something hits you.
You die...

##################
#........@.......#
########.#############.##
#.....##.# #.# #.....##.#
#.# #.....##.# #.#
#.....##.# #.# ......##.#
#.# .........# #####.#
..##'##### #.....#


There were no monsters in sight!

Vanquished Creatures
  2 leopard geckos
  An orc (D:2)
  3 giant cockroaches
  4 goblins (D:1)
  3 hobgoblins (D:1)
  2 jackals (D:2)
  A quokka (D:2)
  A ball python (D:2)
  4 bats
  5 frilled lizards
  2 kobolds
  6 rats
34 creatures vanquished.

Notes
Turn   | Place    | Note
-------+----------+-------------------------------------------
     0 | D:1      | Aphrodieselac the Merfolk Skald began the quest for the
                  | Orb.
     0 | D:1      | Reached XP level 1. HP: 16/16 MP: 3/3
   207 | D:1      | Reached XP level 2. HP: 15/22 MP: 5/5
   365 | D:2      | Learned a level 2 spell: Song of Slaying
   436 | D:1      | Reached skill level 4 in Charms
   755 | D:1      | Reached XP level 3. HP: 26/27 MP: 6/6
  1149 | D:2      | Noticed Sigmund
  1766 | D:2      | Slain by an orc wizard

Skill      XL: |  1  2 |
---------------+-------+-----
Charms         | 4 |  4.4
Fighting       | |  2.1
Polearms       | |  3.9
Armour         | |  0.6
Dodging        | |  2.6
Spellcasting   | |  2.0

Action                   || total
-------------------------++-------
Melee: Spear             ||   129
 Cast: Infusion          ||     3
       Song of Slaying   ||     1
  Use: Scroll            ||     1
 Stab: Sleeping          ||     2
  Eat: Chunk             ||     3
Armor: Leather armour    ||    32
Dodge: Dodged            ||    51
